 Dungeon Crawl Stone Soup version 0.30-a0-364-gf6b3ef1049 (webtiles) character file.

Game seed: 5534330445862638521

88983 Bnni the Impaler (level 16, -4/136 HPs)
             Began as a Formicid Fighter on Nov 16, 2022.
             Was an Initiate of Yredelemnul.
             Killed from afar by Frances (47 damage)
             ... with an iron shot
             ... on level 1 of the Elven Halls.
             The game lasted 01:04:53 (21252 turns).

Bnni the Impaler (Formicid Fighter)                Turns: 21252, Time: 01:04:59

Health: -4/136     AC: 27    Str: 27    XL:     16   Next: 42%
Magic:  26/26      EV:  2    Int:  8    God:    Yredelemnul [......]
Gold:   1769       SH: 32    Dex: 17    Spells: 13/15 levels left

rFire   + + +      SeeInvis +    L - +8 trident of Eskypoif {vamp, Drain rF++ rC+ Stlth+}
rCold   + . .      Faith    +    Q - +18 shield of the Gong {rElec rN+ Will+ EV-5}
rNeg    + + .      Spirit   .    O - +2 chain mail {Will+}
rPois   .          Reflect  .    (helmet unavailable)
rElec   +          Harm     .    D - +2 cloak {Stlth+}
rCorr   .          Rampage  .    v - +1 pair of gloves of Vabrust {rF+ rN+ Str-2 Dex+4}
Will    +++..                    M - +2 pair of boots
Stlth   +.........               V - amulet of faith
HPRegen 0.42/turn                a - +4 ring of protection
MPRegen 0.20/turn                H - +4 ring of protection

@: studying Fighting
A: permanent stasis, dig shafts and tunnels, antennae 3, four strong arms
a: Dig, Shaft Self, Renounce Religion, Recall Undead Harvest


You were on level 1 of the Elven Halls.
You worshipped Yredelemnul.
Yredelemnul was pleased with you.
You visited 5 branches of the dungeon, and saw 24 of its levels.
You also visited: Bailey.

You collected 2333 gold pieces.
You spent 564 gold pieces at shops.

Inventory:

Hand Weapons
 h - a +3 broad axe of flaming
 p - a +0 glaive
 L - the +8 trident of Eskypoif (weapon) {vamp, Drain rF++ rC+ Stlth+}
   (You found it on level 4 of the Lair of Beasts)

   It occasionally heals its wielder for a portion of the damage dealt when it
   wounds a living foe.
   rF:        It greatly protects you from fire.
   rC:        It protects you from cold.
   Drain:     It drains your maximum health when unequipped.
   Stlth:     It makes you more stealthy.
 N - a +1 halberd of freezing
Missiles
 i - 6 boomerangs of dispersal
 o - 6 curare-tipped darts (quivered)
 x - 27 boomerangs
 X - 10 javelins
Armour
 v - the +1 pair of gloves of Vabrust (worn) {rF+ rN+ Str-2 Dex+4}
   (You acquired it on level 5 of the Lair of Beasts)

   Str:       It affects your strength (-2).
   Dex:       It affects your dexterity (+4).
   rF:        It protects you from fire.
   rN:        It protects you from negative energy.
 D - a +2 cloak of stealth (worn)
 M - a +2 pair of boots (worn)
 O - a +2 chain mail of willpower (worn)
 Q - the +18 shield of the Gong (worn) {rElec rN+ Will+ EV-5}
   (You found it in a bailey)

   It is deafeningly noisy when blocking attacks.
   EV:        It affects your evasion (-5).
   rElec:     It insulates you from electricity.
   rN:        It protects you from negative energy.
   Will:      It increases your willpower.
Jewellery
 a - a +4 ring of protection (left hand)
 t - a ring of poison resistance
 H - a +4 ring of protection (right hand)
 T - a ring of protection from fire
 V - an amulet of faith (around neck)
 Y - a ring of protection from fire
Wands
 c - a wand of light (29)
 d - a wand of digging (15)
 A - a wand of roots (22)
 U - a wand of paralysis (15)
Scrolls
 b - a scroll of summoning
 l - 3 scrolls of enchant weapon
 n - 5 scrolls of immolation {unknown}
 q - a scroll of brand weapon
 r - 2 scrolls of vulnerability
 y - 2 scrolls of amnesia
 C - 5 scrolls of fear
 E - 3 scrolls of silence
 F - 4 scrolls of magic mapping
 G - 2 scrolls of fog
 J - 3 scrolls of enchant armour
 Z - 3 scrolls of poison {unknown}
Potions
 e - 2 potions of might
 g - 6 potions of attraction
 j - 4 potions of ambrosia
 k - 2 potions of invisibility
 s - 4 potions of magic
 u - a potion of lignification
 w - a potion of cancellation {unknown}
 z - 3 potions of flight
 B - 7 potions of curing
 I - a potion of heal wounds
 K - 4 potions of mutation
Miscellaneous
 R - a condenser vane


   Skills:
 + Level 15.5 Fighting
 * Level 18.8 Polearms
 - Level 3.2 Armour
 - Level 15.0 Shields
 + Level 13.8 Invocations


You had 13 spell levels left.
You knew the following spells:

 Your Spells              Type           Power      Damage    Failure   Level
a - Wereblood             Tmut           0%         N/A       99%         2

Your spell library contained the following spells:

 Spells                   Type           Power      Damage    Failure   Level
 Beastly Appendage        Tmut           0%         N/A       99%         1
 Summon Small Mammal      Summ           0%         N/A       99%         1
 Cigotuvi's Dreadful Rot  Necr/Pois/Air  0%         N/A       99%         2
 Sublimation of Blood     Necr           0%         N/A       99%         2
 Call Canine Familiar     Summ           0%         N/A       100%        3
 Hailstorm                Conj/Ice       0%         3d3       100%        3
 Inner Flame              Hex/Fire       0%         N/A       100%        3
 Spider Form              Tmut/Pois      0%         N/A       100%        3
 Summon Guardian Golem    Hex/Summ       0%         N/A       100%        3
 Airstrike                Air            0%         2d(0-16)  100%        4
 Dispel Undead            Necr           0%         3d6       100%        4
 Flame Wave               Conj/Fire      0%         2d4       100%        4
 Ice Form                 Ice/Tmut       0%         N/A       100%        4
 Petrify                  Tmut/Erth      0%         N/A       100%        4
 Sticky Flame             Conj/Fire      0%         2d3       100%        4
 Summon Lightning Spire   Summ/Air       0%         N/A       100%        4
 Fireball                 Conj/Fire      0%         3d3       100%        5
 Irradiate                Conj/Tmut      0%         3d11      100%        5
 Iskenderun's Battlesphe  Conj           0%         2d6       100%        5
 Lightning Bolt           Conj/Air       0%         1d11      100%        5
 Conjure Ball Lightning   Conj/Air       0%         3x3d6     100%        6
 Iron Shot                Conj/Erth      0%         9d1       100%        6
 Orb of Destruction       Conj           0%         9d5       100%        7
 Spellforged Servitor     Conj/Summ      0%         N/A       100%        7
 Death Channel            Necr           Unusable   N/A       N/A         6
 Simulacrum               Ice/Necr       Unusable   N/A       N/A         6

Dungeon Overview and Level Annotations

Branches:
Dungeon (15/15)            Temple (1/1) D:6            Lair (5/5) D:10
 Shoals (0/4) Lair:3        Snake (0/4) Lair:2        Slime (0/5) Lair:4
    Orc (2/2) D:9             Elf (1/3) Orc:2        Vaults (0/5) D:13
 Depths (0/4) D:15         Bailey (visited)

Altars:
Ashenzari
Dithmenos
Elyvilon
Fedhas
Gozag
Hepliaklqana
Kikubaaqudgha
Makhleb
Nemelex Xobeh
Okawaru
Qazlal
Ru
Sif Muna
Trog
Uskayaw
Xom
Yredelemnul
Zin
Jiyva
Lugonu

Shops:
D:2 =   D:8 (   D:9 =   D:11 !   Orc:1 *   Orc:2 ?=([

Portals:
Abyss: Lair:5

Annotations:
Elf:1 Frances


Innate Abilities, Weirdness & Mutations

You cannot be hasted, slowed, berserked, paralysed or teleported.
You can dig through walls and to a lower floor.
You have a pair of large antennae on your head. (SInv)
Your four strong arms can wield two-handed weapons with a shield.


Message History

GONNNNG!
Frances hits you but does no damage.
Unknown command.
You puncture Frances!
Frances is severely wounded.
You block the +2 halberd of holy wrath's attack.
BOUMMMMG!
The deep elf pyromancer mumbles some strange words.
The deep elf pyromancer blinks!
The fire elemental is engulfed in seething chaos.
The smoke demon is engulfed in blazing flames.
You block Frances's attack.
GONNNNG!
You puncture Frances!
You feel better.
Frances is severely wounded.
The +2 halberd of holy wrath hits you from afar!
The fire elemental is engulfed in seething chaos.
The deep elf pyromancer mumbles some strange words.
The deep elf pyromancer blinks!
The deep elf pyromancer gestures wildly while chanting.
The deep elf pyromancer blinks!
The deep elf demonologist gestures wildly while chanting.
The deep elf zephyrmancer mumbles some strange words.
The deep elf zephyrmancer blinks!
Frances mutters in a terrible tongue.
The iron shot hits you!!
Unknown command.
Reach: L) +8 trident of Eskypoif {vamp, Drain rF++ rC+ Stlth+}
Press: ? - help, Dir - move target, f/p - deep elf demonologist
Aim: a deep elf demonologist, wielding a +0 long sword and wearing a +0 chain mail (about 25% to evade the +8 trident of Eskypoif) Frances is in the way.
You closely miss Frances.
Frances is severely wounded.
The fire elemental disappears in a puff of smoke!
You block the +2 halberd of holy wrath's attack.
GONNNNG!
The smoke demon is engulfed in blazing flames.
Frances chants phrases taken from a devil's mouth.
The iron shot hits you!!!
You die...
Your body rises from the dead as a mindless zombie.

.........# #'#
#....ee.# #.# .
.....{.# #.# ..
#e....'# ##'####'..
#########{{#{##.....'#
# #.......# #{{4.....##
# #......Z# #{eee)....#
#
##.....######eE3e)).°.#
#
#.....'...@@(E3○e...☼○☼
#
##...#######3eEee....##
# ##'...# #e4E...○○.#
### ##.##.##
##{eE....## ..###.###.#
+#☼....'# #.##.## ###
##+####.# ...'## #. #'
....+ .. ....# ..


You could see Frances (fast, drained), a sun demon (summoned), a deep elf
demonologist, an orange demon (summoned), 2 deep elf archers, 6 deep elf
pyromancers, a deep elf zephyrmancer, 2 smoke demons, 5 fire elementals, a chaos
spawn (summoned) and a +2 halberd of holy wrath.

Vanquished Creatures
  Gastronok (D:8)
  The ghost of Zyisium the Severer, an adept GrBe of Trog (Orc:1)
  The ghost of Jaorgh the Quickloader, a journeyman GnHu of Hepliaklqana (D:15)
  A dire elephant (D:15)
  A minotaur (D:15)
  A spark wasp (shapeshifter) (D:15)
  A deep elf death mage (Elf:1)
  3 hydras
  An ogre mage (D:12)
  2 vault guards (D:13)
  A death knight (D:15)
  A centaur warrior (D:15)
  6 two-headed ogres
  3 dancing weapons (Elf:1)
  2 boulder beetles
  A thrashing horror (Lair:5)
  2 orc knights (D:15)
  3 deep elf zephyrmancers (Elf:1)
  A deep elf archer (Elf:1)
  A large abomination (Lair:5)
  A lindwurm (Lair:5)
  A necromancer (D:13)
  3 deep elf pyromancers (Elf:1)
  An orc sorcerer (Orc:2)
  8 ugly things
  A manticore (D:15)
  4 black mambas
  Joseph (D:8)
  A gargoyle (Bailey)
  2 smoke demons (Lair:5)
  An unseen horror (D:13)
  A rime drake (Lair:2)
  7 cane toads
  8 komodo dragons
  An ancient zyme (Lair:5)
  3 meliai (D:15)
  6 trolls
  Grinder (D:3)
  5 slime creatures
  17 blink frogs
  An air elemental (Elf:1)
  Sigmund (D:3)
  A centaur simulacrum (D:15)
  A water elemental (Elf:1)
  A shadow (D:12)
  2 ynoxinuls (Lair:5)
  3 wraiths
  2 vampires
  2 wyverns
  3 basilisks (Lair:5)
  3 humans (D:13)
  23 yaks
  Eustachio (D:4)
  A fire elemental (Elf:1)
  7 vampire mosquitoes
  3 nagas (Lair:2)
  7 wargs
  An acid dragon (D:11)
  6 water moccasins
  8 small abominations (Lair:5)
  8 orc warriors
  2 ice beasts
  7 ogres
  A boggart (D:15)
  12 wolves
  3 kobold brigands
  6 bullfrogs
  2 necrophages
  2 scorpions
  10 killer bees
  11 howler monkeys
  2 electric eels (D:10)
  6 vampire bats (Bailey)
  6 wolf zombies (Bailey)
  3 jellies
  9 orc priests
  2 hounds
  Crazy Yiuf (D:3)
  3 iguanas
  14 orc wizards
  5 hell rats (Lair:1)
  8 adders
  A shadow imp (D:6)
  A white imp (D:8)
  2 ufetubi
  A worm (D:2)
  46 orcs
  10 endoplasms
  2 giant cockroaches
  7 goblins
  2 hobgoblins
  7 jackals
  12 kobolds
  2 quokkas
  8 ball pythons
  9 bats
  3 frilled lizards
  24 orc zombies (Bailey)
  6 rats
450 creatures vanquished.

Vanquished Creatures (collateral kills)
  Louise (D:14)
  The ghost of Qatafuk the Summoner, a journeyman OpSu of Gozag (Lair:3)
  A great orb of eyes (D:15)
  3 hydras
  A centaur warrior (D:14)
  Erica (D:8)
  2 boulder beetles
  A catoblepas (Lair:5)
  A tengu warrior (D:13)
  2 orc high priests (Orc:2)
  A thrashing horror (Lair:5)
  2 wizards (D:13)
  A large abomination (Lair:5)
  2 orc knights
  2 deep elf pyromancers
  An orc sorcerer (Orc:2)
  3 cyclopes
  A deep elf zephyrmancer (Elf:1)
  An oklob plant (Lair:4)
  3 elephants (Lair:4)
  A merfolk siren (Lair:3)
  3 cane toads
  4 komodo dragons
  4 trolls
  A polar bear (Lair:5)
  2 slime creatures (D:14)
  A tarantella (shapeshifter) (Lair:5)
  10 blink frogs
  3 wyverns
  15 humans (D:13)
  15 yaks
  Grum (D:10)
  A basilisk (Lair:2)
  A wraith (D:12)
  12 vampire mosquitoes
  A chaos spawn (Lair:5)
  2 nagas (Lair:2)
  5 water moccasins
  An ice beast (D:8)
  21 orc warriors
  19 wolves
  4 ogres (D:12)
  4 small abominations (Lair:5)
  A bullfrog (Lair:4)
  A gnoll sergeant (D:11)
  A scorpion (D:9)
  3 wights (D:8)
  5 killer bees
  4 electric eels
  3 howler monkeys
  A jelly (Lair:4)
  A hound (D:7)
  11 orc priests
  12 orc wizards
  3 gnolls (D:11)
  35 orcs
  An endoplasm (Lair:4)
  3 kobolds
  An orc zombie (Orc:2)
248 creatures vanquished.

Vanquished Creatures (others)
  A spectral orc (Elf:1)
  A spectral hydra (Orc:2)
  A spectral two-headed ogre (D:13)
  3 ugly thing zombies
  2 centaur zombies
  A spectral swamp dragon (D:15)
  An elephant slug zombie (D:8)
  A minotaur zombie (D:15)
  A hydra zombie (D:15)
  A great orb of eyes zombie (D:15)
  2 water elementals (Elf:1)
  2 meliai zombies (D:15)
  2 black mamba zombies
  A large abomination (Lair:5)
  3 slime creature zombies (D:15)
  A yak (Lair:4)
  A small abomination (Lair:5)
  A tengu zombie (D:13)
  4 two-headed ogre zombies
  2 cane toad zombies
  A spectral smoke demon (Lair:5)
  5 elf zombies (Elf:1)
  8 vampire mosquito zombies
  A wolf (Lair:4)
  7 blink frog zombies
  A rime drake zombie (Lair:2)
  A spectral chaos spawn (Lair:5)
  3 komodo dragon zombies
  3 wyvern zombies
  2 warg zombies (D:15)
  7 water moccasin zombies
  9 yak zombies
  2 troll zombies
  15 wolf zombies
  2 basilisk zombies (Lair:5)
  3 bullfrog zombies
  4 human zombies (D:13)
  A scorpion zombie (D:9)
  An orc wizard (D:8)
  2 killer bee zombies
  4 kobold zombies
  5 hell rat zombies (Lair:1)
  5 howler monkey zombies
  A spectral electric eel (Lair:5)
  2 jelly zombies (Lair:4)
  An endoplasm zombie (Lair:4)
  46 orc zombies
  A bush (Lair:2)
  64 fungi
  81 plants
320 creatures vanquished.

Grand Total: 1018 creatures vanquished

Notes
Turn   | Place    | Note
-------+----------+-------------------------------------------
     0 | D:1      | Bnni the Formicid Fighter began the quest for the Orb.
     0 | D:1      | Reached XP level 1. HP: 18/18 MP: 1/1
   317 | D:1      | Reached XP level 2. HP: 24/24 MP: 2/2
   443 | D:1      | Reached XP level 3. HP: 29/29 MP: 3/3
   697 | D:2      | Found Kygodwol's Jewellery Shop.
   921 | D:2      | Reached XP level 4. HP: 33/37 MP: 4/4
   923 | D:2      | Reached skill level 3 in Polearms
   923 | D:2      | Reached skill level 5 in Shields
  1327 | D:2      | Found the +5 robe of Misfortune {Harm *Corrode *Slow EV+5}
  1600 | D:3      | Found a stormy altar of Qazlal.
  1609 | D:3      | Noticed Sigmund
  1621 | D:3      | Killed Sigmund
  1622 | D:3      | Reached skill level 4 in Polearms
  1622 | D:3      | Reached XP level 5. HP: 33/42 MP: 5/5
  1622 | D:3      | Reached XP level 6. HP: 38/48 MP: 6/6
  1971 | D:3      | Noticed Grinder
  1999 | D:3      | Killed Grinder
  2000 | D:3      | Reached skill level 5 in Polearms
  2000 | D:3      | Reached XP level 7. HP: 34/55 MP: 7/7
  2642 | D:3      | Found a runed translucent door.
  2643 | D:3      | Noticed Crazy Yiuf
  2651 | D:3      | Killed Crazy Yiuf
  2813 | D:4      | Noticed Eustachio
  2822 | D:4      | Killed Eustachio
  2823 | D:4      | Reached skill level 5 in Fighting
  3036 | D:4      | You fall into a shaft and drop 2 floors!
  3054 | D:5      | Entered Level 5 of the Dungeon
  3092 | D:5      | Identified the +3 mace "Grim" {venom, Str+2}
  3102 | D:5      | Reached XP level 8. HP: 62/62 MP: 8/8
  3172 | D:5      | Reached skill level 6 in Polearms
  3227 | D:4      | Found a sacrificial altar of Ru.
  3804 | D:6      | You fall into a shaft and drop 1 floor!
  3902 | D:7      | Noticed a yak
  3903 | D:7      | Noticed a yak
  3919 | D:7      | Noticed a yak
  3927 | D:7      | Killed a yak
  3934 | D:7      | Killed a yak
  3935 | D:7      | Reached skill level 7 in Polearms
  3935 | D:7      | Reached XP level 9. HP: 30/69 MP: 9/9
  4254 | D:6      | Reached skill level 10 in Shields
  4631 | D:6      | Found a staircase to the Ecumenical Temple.
  4641 | Temple   | Entered the Ecumenical Temple
  4690 | Temple   | Became a worshipper of Yredelemnul the Dark
  5099 | D:6      | Reached * piety under Yredelemnul
  5199 | D:7      | Reached skill level 8 in Polearms
  6076 | D:8      | Noticed Gastronok
  6107 | D:8      | Killed Gastronok
  6107 | D:8      | Reached ** piety under Yredelemnul
  6108 | D:8      | Reached skill level 9 in Polearms
  6108 | D:8      | Reached XP level 10. HP: 30/80 MP: 10/10
  6360 | D:8      | Noticed Joseph
  6389 | D:8      | Killed Joseph
  6460 | D:8      | Reached *** piety under Yredelemnul
  6542 | D:8      | Reached **** piety under Yredelemnul
  6547 | D:8      | Your ally Gastronok died
  6573 | D:8      | Noticed Erica
  6581 | D:8      | Killed Erica
  6582 | D:8      | Reached skill level 10 in Polearms
  6713 | D:8      | Found Xydakem's Weapon Emporium.
  6737 | D:8      | Found a flagged portal.
  6742 | D:8      | Identified the +4 spear "Killer Klown's Bane" {spect,
                  | Int+4}
  6750 | Bailey   | Entered a bailey
  6828 | Bailey   | Noticed a gargoyle
  6833 | Bailey   | Killed a gargoyle
  6834 | Bailey   | Reached skill level 1 in Invocations
  6834 | Bailey   | Reached XP level 11. HP: 87/87 MP: 11/11
  7054 | Bailey   | Found the +18 shield of the Gong {rElec rN+ Will+ EV-5}
  7372 | D:8      | Found a shadowy altar of Dithmenos.
  7536 | D:9      | Noticed a two-headed ogre
  7544 | D:9      | Noticed a two-headed ogre
  7558 | D:9      | Killed a two-headed ogre
  7572 | D:9      | Reached skill level 11 in Polearms
  7577 | D:9      | Killed a two-headed ogre
  7651 | D:9      | Found a staircase to the Orcish Mines.
  7722 | D:9      | Found Citresith's Jewellery Emporium.
  7996 | D:10     | Entered Level 10 of the Dungeon
  8043 | D:10     | Noticed Grum
  8075 | D:10     | Killed Grum
  8103 | D:10     | Noticed a two-headed ogre
  8113 | D:10     | Killed a two-headed ogre
  8175 | D:10     | Found a staircase to the Lair.
  8199 | D:10     | Found a sparkling altar of Nemelex Xobeh.
  8278 | D:10     | Noticed a two-headed ogre
  8289 | D:10     | Killed a two-headed ogre
  8290 | D:10     | Reached XP level 12. HP: 75/96 MP: 15/15
  8466 | D:10     | Found a hazy altar of Hepliaklqana.
  8466 | D:10     | Found a burning altar of Makhleb.
  8596 | D:10     | Found a broken altar of Ashenzari.
  9209 | D:10     | Reached skill level 15 in Shields
  9311 | D:11     | Reached skill level 5 in Invocations
  9350 | D:11     | Found Daagg's Distillery.
  9427 | D:11     | Reached skill level 12 in Polearms
  9513 | D:11     | Noticed a two-headed ogre
  9520 | D:11     | Killed a two-headed ogre
  9521 | D:11     | Reached skill level 10 in Fighting
 10242 | D:2      | Bought an amulet of faith for 400 gold pieces
 10440 | D:12     | Noticed a boulder beetle
 10456 | D:12     | Killed a boulder beetle
 10526 | D:12     | Found a white marble altar of Elyvilon.
 10635 | D:12     | Noticed an ogre mage
 10636 | D:12     | Noticed a two-headed ogre
 10638 | D:12     | Noticed a two-headed ogre
 10649 | D:12     | Reached ***** piety under Yredelemnul
 10651 | D:12     | Killed a two-headed ogre
 10651 | D:12     | Reached ****** piety under Yredelemnul
 10652 | D:12     | Reached skill level 13 in Polearms
 10669 | D:12     | Killed a two-headed ogre
 10669 | D:12     | Enslaved a two-headed ogre
 10673 | D:12     | Killed an ogre mage
 10850 | D:12     | Reached XP level 13. HP: 96/104 MP: 18/18
 11552 | D:13     | Noticed a vault guard
 11566 | D:13     | Noticed a vault guard
 11566 | D:13     | Killed a vault guard
 11569 | D:13     | Reached skill level 14 in Polearms
 11581 | D:13     | Killed a vault guard
 11729 | D:13     | Found a gate to the Vaults.
 12393 | D:14     | Noticed a centaur warrior
 12411 | D:14     | Killed a centaur warrior
 12580 | D:14     | Noticed Louise
 12604 | D:14     | Killed Louise
 13162 | D:14     | Noticed a six-headed hydra
 13172 | D:14     | Killed a four-headed hydra
 13173 | D:14     | Reached skill level 15 in Polearms
 13299 | D:14     | Reached XP level 14. HP: 115/115 MP: 21/21
 13461 | D:15     | Entered Level 15 of the Dungeon
 13611 | D:15     | Reached skill level 10 in Invocations
 13759 | D:15     | Found a runed translucent gate.
 13760 | D:15     | Found a runed translucent gate.
 13761 | D:15     | Found a runed translucent gate.
 13763 | D:15     | Noticed a minotaur
 13763 | D:15     | Noticed Jaorgh's ghost (journeyman GnHu)
 13788 | D:15     | Learned a level 2 spell: Wereblood
 14023 | D:15     | Found a blossoming altar of Fedhas.
 14225 | D:15     | Noticed a dire elephant
 14242 | D:15     | Killed a dire elephant
 14277 | D:15     | Found a staircase to the Depths.
 14351 | D:15     | Noticed a spark wasp
 14374 | D:15     | Killed a spark wasp
 14384 | D:15     | Killed a minotaur
 14385 | D:15     | Reached skill level 16 in Polearms
 14455 | D:15     | Killed Jaorgh's ghost
 14663 | Lair:1   | Entered Level 1 of the Lair of Beasts
 15989 | Lair:2   | Found a staircase to the Snake Pit.
 16019 | Lair:2   | Reached XP level 15. HP: 124/124 MP: 23/23
 16750 | Lair:3   | Found a staircase to the Shoals.
 16839 | Lair:3   | Found a large runed translucent door.
 16840 | Lair:3   | Found a large runed translucent door.
 16840 | Lair:3   | Noticed Qatafuk's ghost (journeyman OpSu)
 16859 | Lair:3   | Killed Qatafuk's ghost
 17581 | Lair:4   | Reached skill level 17 in Polearms
 17630 | Lair:4   | Found a staircase to the Slime Pits.
 17632 | Lair:4   | Found a viscous altar of Jiyva.
 17822 | Lair:4   | Identified the +8 trident of Eskypoif {vamp, Drain rF++ rC+
                  | Stlth+}
 18304 | Lair:4   | Identified the +1 leather armour of Naem {*Slow rN+ Dex+3
                  | SInv}
 18515 | Lair:5   | Entered Level 5 of the Lair of Beasts
 18719 | Lair:5   | Identified the +1 flail of the Pits of Slime {speed, Str+2}
 18837 | Lair:5   | Reached skill level 18 in Polearms
 18950 | Lair:5   | Found a corrupted altar of Lugonu.
 18950 | Lair:5   | Found a one-way gate to the infinite horrors of the Abyss.
 18963 | Lair:5   | Identified 2 scrolls of acquirement
 18964 | Lair:5   | Acquired the +1 pair of gloves of Vabrust {rF+ rN+ Str-2
                  | Dex+4}
 18977 | Lair:5   | Acquired a manual of Fighting
 19656 | Orc:1    | Entered Level 1 of the Orcish Mines
 19679 | Orc:1    | Found a runed translucent gate.
 19679 | Orc:1    | Found a runed translucent gate.
 19679 | Orc:1    | Found a runed translucent gate.
 19680 | Orc:1    | Noticed Zyisium's ghost (adept GrBe)
 19697 | Orc:1    | Found Nitines's Assorted Antiques.
 19744 | Orc:1    | Killed Zyisium's ghost
 19745 | Orc:1    | Reached XP level 16. HP: 115/134 MP: 14/25
 20069 | Orc:1    | Found a burning altar of Makhleb.
 20249 | Orc:2    | Entered Level 2 of the Orcish Mines
 20412 | Orc:2    | Reached skill level 15 in Fighting
 20417 | Orc:2    | Found Qosas's Antique Weapon Emporium.
 20433 | Orc:2    | Found Roroel's Antique Armour Shoppe.
 20491 | Orc:2    | Found Duhoemn's Jewellery Shop.
 20642 | Orc:2    | Found a staircase to the Elven Halls.
 20823 | Orc:2    | Found Jiuc Pig's Magic Scroll Shoppe.
 21005 | Orc:1    | Bought a scroll labelled JUSENGUHAKI for 26 gold pieces
 21043 | Orc:2    | Bought a scroll of identify for 24 gold pieces
 21045 | Orc:2    | Bought a scroll of summoning for 114 gold pieces
 21074 | Elf:1    | Entered Level 1 of the Elven Halls
 21217 | Elf:1    | Noticed Frances
 21252 | Elf:1    | Killed from afar by Frances

Illustrated notes

Levels and vault maps discovered:
D:1:      amcnicky_arrival_choice, layout_loops_ring
D:2:      layout_loops_ring, serial_shops, shop, due_unseen_surprise
D:3:      layout_loops_cross, overflow_temple_1_default, roderic_lattice_a,
          uniq_sigmund, uniq_grinder, uniq_crazy_yiuf_cottage
D:4:      layout_basic, mainiacjoe_overflow_brackets, minmay_hedge_maze,
          uniq_eustachio
D:5:      layout_rooms, ebering_dispersal_statue_hall
D:6:      layout_basic, minmay_temple_entry_mist
D:7:      layout_layer_cave
D:8:      layout_basic, grunt_dithmenos_smoke_and_mirrors, serial_shops,
          nicolae_shop_statue_plus, enter_bailey_2, nicolae_titane, uniq_joseph,
          uniq_erica, uniq_gastronok
D:9:      old_forge, layout_rooms, minmay_orc_entry_guard_dogs, serial_shops,
          nicolae_take_the_stairs
D:10:     layout_basic, nemelex_xobeh_ov_fountains_minmay,
          gammafunk_temple_overflow_elements, overflow_temple_1_default,
          uniq_grum
D:11:     layout_roguey, serial_shops, nicolae_shop_advertising_works
          [nicolae_subvault_shop_adworks], nicolae_hexahallways,
          chequers_mini_garden, minmay_misc_feat_encased
D:12:     layout_roguey, elyvilon_altar_5
D:13:     layout_grid_maze, grunt_vaults_entry_tiered, minmay_diced_spiral
D:14:     layout_basic, minivault_1, roderic_roman_lattice, uniq_louise
D:15:     hangedman_depths_entry_try_elsewhere_first, layout_gridville,
          fedhas_altar_4, maelrawn_ghost_gauntlet_escape
Temple:   regret_index_temple_waves
Lair:1:   layout_regular_city, beast_lair_carwin_8, grunt_megastairs_2,
          lemuel_fruit_fields, serial_bayou_shore_a, infiniplex_staircase_pool_2
Lair:2:   layout_cave_pods, minmay_snake_entry_guardpost_medium
Lair:3:   layout_layer_cave, minmay_shoals_entry_lonely_mermaid,
          ebering_ghost_disaster_area
Lair:4:   layout_cave_pods, nicolae_slime_entry_slimehenge,
          grunt_forest_large_clearings
Lair:5:   hellmonk_lair_end_abyssal_woods, layout_misc_corridors,
          infiniplex_staircase_pool
Orc:1:    layout_diamond_mine, gammafunk_ghost_split, serial_shops,
          nicolae_shop_hallway_plus, bloody_makhleb
Orc:2:    grunt_orc_community_town_hall, layout_caves,
          grunt_orc_community_big_house_1, grunt_orc_community_big_house_1,
          grunt_orc_community_house_3, grunt_orc_community_house_1,
          grunt_orc_community_house_2, grunt_orc_community_house_2,
          grunt_orc_community_house_2, grunt_orc_community_house_1,
          nicolae_orc_flooded_monolith
Elf:1:    elf_arrival_001, layout_geoelf_octagon, serial_shops, shop,
          minmay_elf_demonology, uniq_frances

Skill      XL: |  1  2  3  4  5  6  7  8  9 10 11 12 13 14 15 16 |
---------------+-------------------------------------------------+-----
Polearms       | 4 5 7 9 10 11 13 15 16 18 | 18.8
Shields        | 6 7 9 12 13 14 15 | 15.0
Fighting       | 4 5 6 7 8 9 10 12 13 14 15 | 15.5
Invocations    | 1 4 7 9 11 13 | 13.8
Armour         | |  3.2

Action                   |  1- 3 |  4- 6 |  7- 9 | 10-12 | 13-15 | 16-18 || total
-------------------------+-------+-------+-------+-------+-------+-------++-------
Melee: Trident           |    79 |    53 |    50 |   115 |   229 |   195 ||   721
       Halberd           |       |    46 |   276 |   294 |   694 |       ||  1310
       Spear             |       |       |       |   200 |       |       ||   200
       Broad axe         |       |       |       |       |    23 |       ||    23
Throw: Dart              |       |       |       |     1 |       |       ||     1
Invok: Recall Undead Har |       |       |       |     1 |     9 |       ||    10
       Bind Soul         |       |       |       |     1 |     2 |     1 ||     4
       Dark Bargain      |       |       |       |       |     5 |     8 ||    13
       Drain Life        |       |       |       |       |       |     1 ||     1
 Abil: Dig               |       |     1 |     1 |       |       |     1 ||     3
       Shaft Self        |       |       |     1 |       |       |       ||     1
Evoke: Wand              |       |       |       |     2 |     2 |       ||     4
  Use: Potion            |       |     1 |     1 |       |     2 |     1 ||     5
       Scroll            |       |       |    10 |     4 |    13 |     1 ||    28
 Stab: Distracted        |       |       |     1 |     5 |    23 |     3 ||    32
       Held in net/web   |       |       |       |     1 |       |       ||     1
       Paralysed         |       |       |       |       |       |     2 ||     2
       Fleeing           |       |       |       |       |       |     1 ||     1
Armor: Chain mail        |    35 |    36 |    96 |   113 |   194 |    38 ||   512
       Plate armour      |       |       |    21 |    38 |       |       ||    59
Dodge: Dodged            |    25 |    20 |    63 |    30 |    27 |     7 ||   172
Block: Buckler           |     8 |       |       |       |       |       ||     8
       Kite shield       |     6 |    43 |       |   389 |   740 |   167 ||  1345
       Tower shield      |       |       |   235 |   151 |       |       ||   386

Table legend: (Time is in decaauts)
 A = Elapsed time spent in this place.
 B = Non-inter-level travel time spent in this place.
 C = Inter-level travel time spent in this place.
 D = Time resting spent in this place.
 E = Time spent auto-exploring this place.
 F = Levels seen in this place.
 G = Mean time per level.
                   A        B        C        D        E       F      G
               +--------+--------+--------+--------+--------+-----+--------+
         Total |  21070 |  19561 |   1509 |    389 |  14581 |  25 |  842.8 |
       Dungeon |  14271 |  13239 |   1032 |    389 |   9798 |  15 |  951.4 |
        Temple |     88 |     43 |     45 |      0 |     33 |   1 |   88.0 |
          Lair |   4814 |   4537 |    277 |      0 |   3741 |   5 |  962.8 |
  Orcish Mines |   1356 |   1203 |    153 |      0 |    941 |   2 |  678.0 |
   Elven Halls |    145 |    145 |      0 |      0 |     38 |   1 |  145.0 |
        Bailey |    392 |    392 |      0 |      0 |     29 |   1 |  392.0 |
               +--------+--------+--------+--------+--------+-----+--------+

Top non-repeatable levels by time:
    D:10: 1387 daAuts
    D:13: 1375 daAuts
     D:7: 1342 daAuts
     D:3: 1261 daAuts
  Lair:3: 1087 daAuts
    D:14: 1084 daAuts
     D:6: 1078 daAuts
     D:8: 1062 daAuts
  Lair:2: 1037 daAuts
    D:15: 1025 daAuts
  Lair:4: 1000 daAuts
     D:2: 958 daAuts
  Lair:5: 922 daAuts
    D:11: 844 daAuts
  Lair:1: 767 daAuts
